AoeStats
← buz

Socotra

506427966Analyzed
2v2 RM · 18d ago on Sep 13, 2026· 47m 33s· 4 players
Game mode
Random Map
Map size
Tiny (2 player)
Population
200
Speed
Normal
Resources
Standard
Victory
Conquest
Starting age
Dark Age
Ending age
Imperial Age
RankedLock teamsTeams togetherTeam positionsShared explorationLock speedFull tech treeHidden civsTurbo modeCheats
Victory
Defeat
🇫🇷 Bulgarians · France
778
+15
🇫🇷 Ethiopians · France
777
+15
🇪🇸 Koreans · Spain
797
-16
🇺🇸 Inca · United States
728
-14
memex
5:07 Loom
13:53 Feudal Age
19:01 Scale Mail Armor
21:47 Wheelbarrow
22:04 Stone Mining
28:00 Castle Age
38:34 Forging
41:20 Chain Mail Armor
42:33 Hand Cart
44:39 Double-Bit Axe
45:44 Gold Mining
46:30 Stone Shaft Mining
46:22 Horse Collar
47:39 Town Watch
buz
8:01 Loom
10:42 Feudal Age
19:23 Wheelbarrow
18:35 Double-Bit Axe
18:44 Gold Mining
25:33 Castle Age
25:01 Fletching
25:12 Padded Archer Armor
25:25 Forging
25:16 Scale Mail Armor
26:26 Crossbowman
27:17 Thumb Ring
27:11 Bodkin Arrow
34:24 Leather Archer Armor
35:39 Hand Cart
35:11 Town Watch
36:11 Squires
35:57 Arson
40:26 Imperial Age
38:33 Sanctity
38:35 Town Patrol
40:23 Ballistics
41:07 Iron Casting
40:48 Chain Mail Armor
41:13 Bow Saw
40:47 Horse Collar
40:53 Arbalester
40:57 Halberdier
42:27 Conscription
44:19 Chemistry
44:05 Bracer
WakeUP6151
1:15 Loom
13:10 Feudal Age
18:59 Castle Age
22:46 Wheelbarrow
24:13 Forging
23:56 Champi Runner
26:51 Double-Bit Axe
27:06 Horse Collar
30:01 Bow Saw
31:48 Iron Casting
31:16 Scale Mail Armor
31:18 Padded Archer Armor
31:09 Fletching
34:32 Leather Archer Armor
34:41 Elite Skirmisher
35:37 Bodkin Arrow
38:17 Gold Mining
39:59 Hand Cart
39:31 Town Watch
40:20 Heavy Plow
40:14 Stone Mining
41:13 Gold Shaft Mining
serto4713
3:48 Loom
12:26 Feudal Age
14:20 Wheelbarrow
13:32 Town Watch
14:51 Double-Bit Axe
14:40 Man-at-Arms
31:21 Castle Age
31:25 Fletching
33:04 Bodkin Arrow
42:10 Long Swordsman
42:36 Gambesons
Connection lost

Rejoining the realm…

Still unreachable

The connection could not be restored.

Session expired

The server has moved on; the page needs a fresh start.